 Dungeon Crawl Stone Soup version 0.30-a0-141-g30f27751c5 (webtiles) character file.

Game seed: 10523209364579828687

522 bande the Chopper (level 7, 0/44 HPs)
             Began as a Gargoyle Fighter on Sept 26, 2022.
             Was an Initiate of Okawaru.
             Slain by a water moccasin (2 damage)
             ... on level 5 of the Dungeon.
             The game lasted 00:06:56 (3626 turns).

bande the Chopper (Gargoyle Fighter)                Turns: 3626, Time: 00:06:56

Health: 0/44       AC: 18    Str: 25    XL:     7   Next: 22%
Magic:  8/8        EV:  8    Int:  9    God:    Okawaru [......]
Gold:   225        SH:  8    Dex: 11    Spells: 6/6 levels left

rFire   . . .      SeeInvis +    a - +1 war axe
rCold   + . .      Faith    .    h - +0 kite shield
rNeg    + . .      Spirit   .    m - +3 scale mail {rC+}
rPois   ∞          Reflect  .    (no helmet)
rElec   +          Harm     .    i - +1 cloak
rCorr   .          Rampage  .    p - +0 pair of gloves
Will    .....                    (no boots)
Stlth   ..........               (no amulet)
HPRegen 0.14/turn                n - +6 ring of strength
MPRegen 0.11/turn                s - ring of see invisible

@: no status effects
A: sickness immunity, AC +4, negative energy resistance 1, electricity
resistance, torment resistance 1, petrification resistance
a: Renounce Religion


You were on level 5 of the Dungeon.
You worshipped Okawaru.
Okawaru was noncommittal.
You visited 2 branches of the dungeon, and saw 6 of its levels.

You collected 225 gold pieces.

Inventory:

Hand Weapons
 a - a +1 war axe (weapon)
 c - a +0 flail
Armour
 h - a +0 kite shield (worn)
 i - a +1 cloak (worn)
 m - a +3 scale mail of cold resistance (worn)
 p - a +0 pair of gloves (worn)
Jewellery
 n - a +6 ring of strength (left hand)
 s - a ring of see invisible (right hand)
Scrolls
 l - 2 scrolls of enchant armour
Potions
 d - 2 potions of might
 e - 3 potions of flight
 f - 2 potions of haste
 g - 2 potions of brilliance
 j - 2 potions of magic {unknown}
 k - a potion of heal wounds {unknown}


   Skills:
 + Level 4.4 Fighting
 + Level 4.8 Axes
 + Level 4.7 Armour
 + Level 4.6 Shields
 * Level 1.7 Invocations


You had 6 spell levels left.
You didn't know any spells.
Your spell library contained the following spells:

 Spells                   Type           Power      Damage    Failure   Level
 Magic Dart               Conj           0%         1d3       95%         1
 Shock                    Conj/Air       0%         1d3       95%         1
 Searing Ray              Conj           0%         2d4       99%         2
 Swiftness                Air            0%         N/A       100%        3
 Airstrike                Air            0%         2d(0-16)  100%        4
 Fulminant Prism          Conj/Hex       0%         3d6       100%        4


Dungeon Overview and Level Annotations

Branches:
Dungeon (5/15)             Temple (1/1) D:4

Altars:
Ashenzari
Cheibriados
Elyvilon
Gozag
Makhleb
Nemelex Xobeh
Okawaru
Ru
Sif Muna
Trog
Xom
Zin

Annotations:
D:4 Natasha


Innate Abilities, Weirdness & Mutations

You are immune to sickness and miasma.
Your stone body is resilient. (AC +4)
You are immune to poison.
You resist negative energy. (rN+)
You are resistant to electric shocks. (rElec)
You are resistant to unholy torment.
You are immune to petrification.


Message History

You feel yourself speed up.
You start resting.
A water moccasin comes into view.
A water moccasin is nearby!
A water moccasin is nearby!
A water moccasin is nearby!
You recover from your berserk rage.
The water moccasin hisses angrily.
You block the water moccasin's attack.
You slash the water moccasin!
The water moccasin is heavily wounded.
You block the water moccasin's attack.
The water moccasin bites you but does no damage.
You barely miss the water moccasin.
The water moccasin is heavily wounded.
The water moccasin bites you but does no damage.
The water moccasin barely misses you.
You barely miss the water moccasin.
The water moccasin is heavily wounded.
You block the water moccasin's attack. The water moccasin bites you.
* * * LOW HITPOINT WARNING * * *
You hit the water moccasin.
The water moccasin is heavily wounded.
You block the water moccasin's attack. x2
You closely miss the water moccasin.
The water moccasin is heavily wounded.
You block the water moccasin's attack.
The water moccasin bites you but does no damage.
You slash the water moccasin!
The water moccasin is almost dead.
The water moccasin barely misses you. The water moccasin bites you.
* * * LOW HITPOINT WARNING * * *
You barely miss the water moccasin.
The water moccasin is almost dead.
The water moccasin bites you but does no damage.
You block the water moccasin's attack.
You closely miss the water moccasin.
The water moccasin is almost dead.
The water moccasin bites you.
You die...

#######
##@....##
#.S.....#
#......##
#<.....#
#......#
##.....#
#...$.#
......#
......#


You could see a water moccasin.

Vanquished Creatures
  Menkaure (D:4)
  Duvessa (D:4)
  A necrophage (D:4)
  Dowan (D:4)
  Natasha (D:4)
  Terence (D:3)
  An iguana (D:4)
  5 adders
  3 dart slugs (D:2)
  An orc (D:4)
  6 endoplasms
  2 giant cockroaches
  8 goblins
  4 hobgoblins
  4 jackals
  3 quokkas
  10 ball pythons
  6 bats
  4 frilled lizards
  7 kobolds
  3 rats
73 creatures vanquished.

Vanquished Creatures (others)
  A plant (D:1)
1 creature vanquished.

Grand Total: 74 creatures vanquished

Notes
Turn   | Place    | Note
-------+----------+-------------------------------------------
     0 | D:1      | bande the Gargoyle Fighter began the quest for the Orb.
     0 | D:1      | Reached XP level 1. HP: 14/14 MP: 1/1
   124 | D:1      | Reached XP level 2. HP: 8/19 MP: 2/2
   600 | D:1      | Found a faded altar of an unknown god.
  1158 | D:2      | Reached XP level 3. HP: 24/24 MP: 3/3
  1362 | D:2      | Found a broken altar of Ashenzari.
  2101 | D:3      | Reached XP level 4. HP: 27/29 MP: 4/4
  2406 | D:3      | Noticed Terence
  2418 | D:3      | Killed Terence
  2623 | D:3      | Reached XP level 5. HP: 33/33 MP: 5/5
  3055 | D:4      | Noticed Natasha
  3062 | D:4      | Killed Natasha
  3186 | D:4      | Reached XP level 6. HP: 38/38 MP: 6/6
  3298 | D:4      | Found a staircase to the Ecumenical Temple.
  3305 | Temple   | Entered the Ecumenical Temple
  3340 | Temple   | Became a worshipper of Warmaster Okawaru
  3544 | D:4      | Noticed Menkaure
  3547 | D:4      | Killed Menkaure
  3548 | D:4      | Reached skill level 1 in Invocations
  3553 | D:4      | Noticed Duvessa
  3561 | D:4      | Noticed Dowan
  3564 | D:4      | Killed Duvessa
  3565 | D:4      | Reached XP level 7. HP: 21/44 MP: 6/8
  3578 | D:4      | Killed Dowan
  3585 | D:4      | Noticed Natasha
  3593 | D:5      | Entered Level 5 of the Dungeon
  3624 | D:5      | HP: 1/44 [water moccasin (6)]
  3626 | D:5      | Slain by a water moccasin

Illustrated notes

Levels and vault maps discovered:
D:1:      ebering_hopf_link, layout_basic,
          hellmonk_ecumenical_altar_heavens_door, grunt_decor_cap,
          serial_bayou_pond_e, kennysheep_boxes
D:2:      layout_basic, basic_altar, st_stairs_7
D:3:      layout_rooms, serial_bayou_pond_b, item_on_display_a, uniq_terence
D:4:      layout_layer_cave, gammafunk_temple_overflow_elements,
          minmay_temple_entry_statues_pillars, uniq_menkaure, uniq_natasha,
          uniq_duvessa
D:5:      layout_gridville, nzn_wu_jian_contemplation, uniq_grinder
Temple:   eino_wide_crystal_templ

Skill      XL: |  1  2  3  4  5  6 |
---------------+-------------------+-----
Axes           | 2 3 4 |  4.8
Armour         | 4 |  4.7
Shields        | 4 |  4.6
Fighting       | 4 |  4.4
Invocations    | 1 |  1.7

Action                   |  1- 3 |  4- 6 |  7- 9 || total
-------------------------+-------+-------+-------++-------
Melee: War axe           |   124 |    99 |    19 ||   242
  Use: Scroll            |     3 |     9 |       ||    12
       Potion            |       |       |     1 ||     1
Armor: Scale mail        |    80 |    54 |    11 ||   145
Dodge: Dodged            |    49 |    38 |     3 ||    90
Block: Buckler           |     7 |       |       ||     7
       Kite shield       |    53 |    51 |    18 ||   122

Table legend: (Time is in decaauts)
 A = Elapsed time spent in this place.
 B = Non-inter-level travel time spent in this place.
 C = Inter-level travel time spent in this place.
 D = Time resting spent in this place.
 E = Time spent auto-exploring this place.
 F = Levels seen in this place.
 G = Mean time per level.
                   A        B        C        D        E       F      G
               +--------+--------+--------+--------+--------+-----+--------+
         Total |   3758 |   3735 |     23 |    425 |   2381 |   6 |  626.3 |
       Dungeon |   3698 |   3698 |      0 |    425 |   2365 |   5 |  739.6 |
        Temple |     59 |     36 |     23 |      0 |     16 |   1 |   59.0 |
               +--------+--------+--------+--------+--------+-----+--------+

Top non-repeatable levels by time:
     D:1: 1108 daAuts
     D:2: 1040 daAuts
     D:3: 758 daAuts
     D:4: 748 daAuts
  Temple: 59 daAuts
     D:5: 41 daAuts
